 Dungeon Crawl Stone Soup version 0.24-a0-278-gefa197325e (webtiles) character file.

Game seed: 4442360119420967891

252 Redear the Shield-Bearer (level 5, 0/41 HPs)
             Began as a Vampire Fighter on Apr 29, 2019.
             Was a Follower of Okawaru.
             Slain by an ogre
             ... wielding a cursed -2 giant club
              (23 damage)
             ... on level 4 of the Dungeon.
             The game lasted 00:06:36 (3025 turns).

Redear the Shield-Bearer (Vampire Fighter)          Turns: 3025, Time: 00:06:36

Health: 0/41       AC:  8    Str: 16    XL:     5   Next: 89%
Magic:  5/5        EV: 10    Int: 10    God:    Okawaru [*.....]
Gold:   81         SH:  0    Dex: 14    Spells: 4/4 levels left

rFire    . . .     SeeInvis +   r - +0 rapier (curse)
rCold    . . .     Gourm    .   (no shield)
rNeg     . . .     Faith    .   b - +0 scale mail
rPois    .         Spirit   .   (no helmet)
rElec    .         Reflect  .   (no cloak)
rCorr    .         Harm     .   (no gloves)
MR       .....                  q - +1 pair of boots
Stlth    +.........             (no amulet)
HPRegen  0.33/turn              (no ring)
MPRegen  0.09/turn              (no ring)

@: regenerating quickly
A: fangs 3, see invisible, unbreathing
a: Heroism, Renounce Religion


You were on level 4 of the Dungeon.
You worshipped Okawaru.
Okawaru was aware of your devotion.
You were full.

You visited 1 branch of the dungeon, and saw 4 of its levels.

You collected 137 gold pieces.
You spent 56 gold pieces at shops.

Inventory:

Hand Weapons
 a - a +0 long sword
 r - a cursed +0 rapier (weapon)
Armour
 b - a +0 scale mail (worn)
 c - a +0 shield
 q - a +1 pair of boots (worn)
Jewellery
 f - a +4 ring of protection {unknown}
 p - an uncursed ring of poison resistance {unknown}
Scrolls
 e - a scroll of amnesia
 g - a scroll of remove curse {unknown}
 h - a scroll of fog
 i - a scroll of magic mapping {unknown}
 j - a scroll of enchant weapon {unknown}
 k - 2 scrolls of identify {unknown}
 m - a scroll of fear
 n - a scroll of enchant armour {unknown}
 o - a scroll of immolation {unknown}
 T - 2 scrolls of teleportation {@r3}
Potions
 d - 2 potions of might {Str+5 DMG+1d10 | @q3}
 l - 3 potions of flight
 z - 21 potions of blood {@q9@q1}


   Skills:
 + Level 3.3 Fighting
 + Level 2.8 Long Blades
 + Level 3.1 Armour
 + Level 2.2 Dodging
 + Level 3.3 Stealth
 + Level 3.4 Shields
 + Level 1.2 Invocations


You had 4 spell levels left.
You didn't know any spells.
Your spell library contained the following spells:

 Spells                   Type           Power        Failure   Level  Hunger
 Beastly Appendage        Tmut           #.....       80%         1    ##.....
 Sticks to Snakes         Tmut           #.......     90%         2    ###....
 Spider Form              Tmut/Pois      #.........   99%         3    ####...
 Ice Form                 Ice/Tmut       #.......     100%        4    #####..
 Blade Hands              Tmut           #.........   100%        5    ######.


Dungeon Overview and Level Annotations

Branches:
Dungeon (4/15)
 Temple: D:4-7

Altars:
Okawaru

Shops:
D:4 !


Innate Abilities, Weirdness & Mutations

Your natural rate of healing is unusually fast.
You have razor-sharp teeth.
You have supernaturally acute eyesight. (SInv)
You can survive without breathing.


Message History

Okay, then.
Yummy - fresh blood!
You barely miss the ogre.
The ogre is heavily wounded.
The ogre hits you with a cursed -2 giant club.
You take 6 damage, and have 21/41 hp.
You hit the ogre.
The ogre is severely wounded.
The ogre barely misses you.
You hit the ogre but do no damage. You bite the ogre.
The ogre is almost dead.
The ogre closely misses you.
You hit the ogre but do no damage.
The ogre is almost dead.
The ogre closely misses you.
Your scale mail prevents you from hitting the ogre.
The ogre is almost dead.
The ogre hits you with a cursed -2 giant club!!
Ouch! That really hurt!
You die...

#.. .. #.... .
#.#. ... #..
.....##.#
#.....##
######.## .#
#####.####..>#
#...##O@....#
#......######
##.....###
#.......##
##.......#
#.......#
##......#
#......#
##.....#


You could see an ogre.

Vanquished Creatures
  A centaur skeleton (D:4)
  A gnoll shaman (D:4)
  A worker ant (D:4)
  A hound skeleton (D:4)
  4 gnolls
  2 adders (D:2)
  An ooze (D:2)
  A worm (D:2)
  3 dart slugs
  4 leopard geckos
  2 orcs (D:3)
  12 bats
  4 giant cockroaches
  9 goblins
  8 hobgoblins
  14 kobolds
  A quokka (D:2)
  2 ball pythons (D:2)
  4 frilled lizards (D:1)
  A quokka skeleton (D:3)
  8 rats
84 creatures vanquished.

Notes
Turn   | Place    | Note
-------+----------+-------------------------------------------
     0 | D:1      | Redear the Vampire Fighter began the quest for the Orb.
     0 | D:1      | Reached XP level 1. HP: 17/17 MP: 1/1
   131 | D:1      | Reached skill level 1 in Stealth
   131 | D:1      | Reached XP level 2. HP: 14/23 MP: 2/2
   245 | D:1      | Reached skill level 1 in Dodging
   447 | D:1      | You fall through a shaft!
   447 | D:2      | Found an iron altar of Okawaru.
   454 | D:2      | Reached XP level 3. HP: 23/28 MP: 3/3
   470 | D:2      | Became a worshipper of Warmaster Okawaru
   485 | D:2      | Reached skill level 3 in Fighting
   569 | D:2      | Reached skill level 3 in Shields
   699 | D:2      | Reached skill level 2 in Stealth
  1061 | D:2      | Reached XP level 4. HP: 35/35 MP: 4/4
  2517 | D:4      | Reached XP level 5. HP: 15/41 MP: 5/5
  2519 | D:4      | Reached skill level 2 in Dodging
  2519 | D:4      | Reached skill level 3 in Stealth
  2735 | D:4      | Reached skill level 1 in Invocations
  2738 | D:4      | Reached skill level 3 in Armour
  2741 | D:4      | HP: 2/41 [gnoll/cursed +0 spear (5)]
  2783 | D:4      | Reached * piety under Okawaru
  2943 | D:4      | Found Kuenk's Distillery.
  2946 | D:4      | Bought a potion of might for 56 gold pieces
  3013 | D:4      | Noticed an ogre
  3025 | D:4      | Slain by an ogre

Levels and vault maps discovered:
D:1:      erik_arrival_cave_to_civilisation [erik_arrival_cave_to_hall],
          layout_basic, serial_forest, infiniplex_forest_end_2,
          infiniplex_forest_clump_curved, infiniplex_forest_pool,
          infiniplex_forest_corner_2, infiniplex_forest_corner_2,
          infiniplex_forest_straight_4, infiniplex_forest_clump_medium,
          infiniplex_forest_straight_3, infiniplex_forest_clump_double,
          kennysheep_doodads, hex_tiny, minmay_tetromino_i2
D:2:      layout_basic, okawaru_metal_pillars_1_2
D:3:      layout_basic, first_ration
D:4:      layout_cave_pods, serial_shops, kennysheep_mini_moat,
          trog_hazing_becter

Skill      XL: |  1  2  3  4  5 |
---------------+----------------+-----
Stealth        | 1 2 3 |  3.3
Dodging        | 1 2 |  2.2
Fighting       | 3 |  3.3
Shields        | 3 |  3.4
Invocations    | 1 |  1.2
Armour         | 3 |  3.1
Long Blades    | |  2.8

Action                   |  1- 3 |  4- 6 || total
-------------------------+-------+-------++-------
Melee: Long sword        |   105 |    62 ||   167
       Bite              |    15 |     9 ||    24
       Rapier            |       |    55 ||    55
  Use: Potion            |     8 |    13 ||    21
       Scroll            |       |     5 ||     5
 Stab: Sleeping          |       |     2 ||     2
Armor: Scale mail        |    67 |    67 ||   134
Dodge: Dodged            |    55 |   107 ||   162
Block: Shield            |     1 |       ||     1
       Rpst.: Long sword |    14 |    16 ||    30

Table legend:
 A = Non-vault XP
 B = Vault XP
 C = Vault XP percentage of total XP
 D = Non-vault monster count
 E = Vault monster count
 F = Vault count percentage of total count
                 A         B        C        D         E       F
            +---------+---------+-------+---------+---------+-------
      Total |     347 |      14 |   3.9 |      76 |       8 |   9.5
            +---------+---------+-------+---------+---------+-------
        D:1 |      61 |       6 |   9.0 |      31 |       4 |  11.4
        D:2 |      81 |       0 |   0.0 |      25 |       0 |   0.0
        D:3 |      23 |       0 |   0.0 |      12 |       0 |   0.0
        D:4 |     182 |       8 |   4.2 |       8 |       4 |  33.3
            +---------+---------+-------+---------+---------+-------
